[Event "Titled Tuesday Blitz May 30 Early 2023"]
[White "Chylewski, Patryk"]
[Black "Zaksaite, Salomeja"]
[WhiteFideId "1186191"]
[BlackFideId "12801496"]
[WhiteElo "2163"]
[BlackElo "2059"]
[Result "1-0"]
[Round "05"]
[TimeControl "180+2"]
[Date "2023.05.30"]
[WhiteClock "0:00:39"]
[BlackClock "0:00:00"]

1. e4 c5 2. Nf3 Nc6 3. c3 d5 4. exd5 Qxd5 5. d4 e6 6. Be2 Nf6 7. O-O Be7 8. Be3 Ng4 9. Bf4 O-O 10. Re1 b6 11. Bg3 Bb7 12. c4 Qd7 13. d5 exd5 14. cxd5 Nb4 15. d6 Bf6 16. Nc3 Rfe8 17. h3 Nh6 18. Bb5 Rxe1+ 19. Nxe1 Bc6 20. Bxc6 Nxc6 21. Nd5 Bxb2 22. Rb1 Bd4 23. Nf3 Nf5 24. Bf4 Nxd6 25. Qa4 Re8 26. Nxd4 cxd4 27. Rc1 b5 28. Qa6 Nc4 29. Qxb5 N4a5 30. Bc7 1-0


[Site "https://www.chess.com"]

[Event "Titled Tuesday Blitz May 30 Early 2023"]
[White "Ozates, Tuna"]
[Black "Wang, Ricky"]
[WhiteFideId "6354521"]
[BlackFideId "2071916"]
[WhiteElo "2151"]
[BlackElo "2296"]
[Result "1-0"]
[Round "05"]
[TimeControl "180+2"]
[Date "2023.05.30"]
[WhiteClock "0:01:09"]
[BlackClock "0:00:06"]

1. d4 Nf6 2. Bg5 Ne4 3. Bf4 d5 4. e3 g6 5. c4 e5 6. Bxe5 Bb4+ 7. Ke2 O-O 8. a3 Bd6 9. Bxd6 Qxd6 10. f3 Qa6 11. fxe4 Bg4+ 12. Nf3 dxe4 13. Kf2 exf3 14. gxf3 Qf6 15. Nc3 Qh4+ 16. Kg1 Bh5 17. Bg2 Nd7 18. Qe1 Qe7 19. Nd5 Qd6 20. f4 c6 21. c5 Qb8 22. Nc3 Qe8 23. Ne4 f5 24. Nd6 Qe6 25. Nxb7 Rab8 26. Nd6 Rxb2 27. Bf1 Bf3 28. Bc4 Bd5 29. Qc3 Rfb8 30. Bxd5 Qxd5 31. Qc4 Rb1+ 32. Kf2 R8b2+ 33. Kg3 Rg2+ 34. Kh3 Rg4 35. Raxb1 Nf6 36. Rhg1 Ne4 37. Qxd5+ cxd5 38. Nxe4 1-0


[Site "https://www.chess.com"]

[Event "Titled Tuesday Blitz May 30 Early 2023"]
[White "FunnyDuck66"]
[Black "Ladan, Nicholas"]
[BlackFideId "30918855"]
[WhiteElo "2283"]
[BlackElo "2167"]
[Result "1-0"]
[Round "05"]
[TimeControl "180+2"]
[Date "2023.05.30"]
[WhiteClock "0:00:06"]
[BlackClock "0:00:04"]

1. d4 d5 2. c4 c6 3. cxd5 cxd5 4. Bf4 Nc6 5. e3 Nf6 6. Bd3 a6 7. Nc3 Bg4 8. Nge2 e6 9. O-O Bd6 10. Bxd6 Qxd6 11. Rc1 O-O 12. h3 Bh5 13. Na4 Nd7 14. a3 e5 15. dxe5 Ncxe5 16. Qd2 Nxd3 17. Qxd3 Ne5 18. Qd2 Qg6 19. Kh2 Bf3 20. Nf4 Qg5 21. Qc3 Be4 22. f3 Bg6 23. Nxg6 Nxg6 24. Qd4 Rad8 25. Nc5 b6 26. Nd3 Rfe8 27. Rce1 Nh4 28. Qg4 Qxg4 29. hxg4 Ng6 30. Kg3 Rc8 31. Rf2 Ne7 32. Rfe2 Nc6 33. Nf4 Red8 34. Rd2 Ne7 35. Red1 g5 36. Nxd5 Nxd5 37. Rxd5 Rxd5 38. Rxd5 Rc2 39. Rxg5+ Kf8 40. Rh5 Rxb2 41. Rxh7 Rb3 42. Rh6 Ke7 43. Kf4 f6 44. Rh7+ Ke6 45. Rb7 b5 46. Rb6+ Kf7 47. Rxa6 Rb2 48. g3 Rc2 49. e4 Rc5 50. Rb6 Kg6 51. Ra6 Kg7 52. Ke3 Rc3+ 53. Kf4 Rc5 54. Ra5 Rc6 55. Rxb5 Ra6 56. Rb3 Kg6 57. e5 fxe5+ 58. Kxe5 Ra5+ 59. Kf4 Kf6 60. Rb6+ Kf7 61. g5 Rxa3 62. Rb5 Ra4+ 63. Kf5 Ra3 64. f4 Ra6 65. Rb7+ Kf8 66. g6 Ra5+ 67. Kf6 Ra6+ 68. Kg5 Kg8 69. Kh6 Kf8 70. f5 Ra1 71. f6 Rh1+ 72. Kg5 Ke8 73. g7 Rh8 74. gxh8=Q# 1-0


[Site "https://www.chess.com"]

[Event "Titled Tuesday Blitz May 30 Early 2023"]
[White "Jaskolka, Tomasz"]
[Black "Coelho, Ramyres Santana"]
[WhiteFideId "1170791"]
[BlackFideId "2120690"]
[WhiteElo "2155"]
[BlackElo "1888"]
[Result "0-1"]
[Round "05"]
[TimeControl "180+2"]
[Date "2023.05.30"]
[WhiteClock "0:00:10"]
[BlackClock "0:00:40"]

1. d4 Nf6 2. c4 g6 3. Nf3 Bg7 4. g3 O-O 5. Bg2 d6 6. Nc3 c6 7. O-O Qc7 8. e4 e5 9. h3 exd4 10. Nxd4 Re8 11. Be3 Nbd7 12. Qc2 Nc5 13. b4 Ne6 14. Rad1 b6 15. a3 Bb7 16. f4 Rad8 17. f5 Nxd4 18. Bxd4 Nh5 19. Bxg7 Nxg7 20. fxg6 fxg6 21. Qd3 Rf8 22. b5 c5 23. Nd5 Bxd5 24. exd5 Rxf1+ 25. Rxf1 Rf8 26. Qe4 Rxf1+ 27. Bxf1 Kf8 28. Be2 Qe7 29. Qf4+ Nf5 30. Bd3 Qe1+ 31. Kg2 Kg7 32. Bxf5 gxf5 33. Qg5+ Kh8 34. Qf6+ Kg8 35. Qg5+ Kh8 36. Qxf5 Qe2+ 37. Qf2 Qe4+ 38. Qf3 Qc2+ 39. Qf2 Qe4+ 40. Kg1 Kg7 41. Qb2+ Kg6 42. Qc3 Qb1+ 43. Kf2 Qe4 44. h4 h5 45. Qe3 Qxc4 46. Qe6+ Kg7 47. Qe7+ Kg6 48. Qg5+ Kf7 49. Qxh5+ Ke7 50. Qh7+ Kf6 51. Qh6+ Ke5 52. Qf4+ Qxf4+ 53. gxf4+ Kxf4 54. h5 Kg5 55. Kf3 Kxh5 56. Ke4 Kg4 57. Kd3 Kf3 58. Kc4 Ke4 59. Kb3 Kd3 60. Ka4 Kd4 61. Kb3 Kxd5 62. Ka4 c4 63. Kb4 Kd4 64. Ka4 c3 65. Kb3 Kd3 66. Ka2 c2 67. a4 Kd2 68. a5 c1=Q 69. axb6 Kc3 70. bxa7 d5 71. a8=Q Qb2# 0-1


[Site "https://www.chess.com"]

[Event "Titled Tuesday Blitz May 30 Early 2023"]
[White "Nugumanov, Bakhtiyar"]
[Black "Devaev, Alexander"]
[WhiteFideId "13701797"]
[BlackFideId "4169395"]
[WhiteElo "2209"]
[BlackElo "2172"]
[Result "1-0"]
[Round "05"]
[TimeControl "180+2"]
[Date "2023.05.30"]
[WhiteClock "0:00:08"]
[BlackClock "0:00:00"]

1. Nf3 Nf6 2. c4 c5 3. Nc3 e6 4. g3 Be7 5. Bg2 O-O 6. O-O Nc6 7. d4 cxd4 8. Nxd4 Ne5 9. b3 d6 10. Bb2 a6 11. e4 Qc7 12. Qe2 Re8 13. Rad1 Rb8 14. Rfe1 Bf8 15. f4 Ng6 16. Kh1 Nd7 17. Nc2 b6 18. Ne3 Bb7 19. h3 Bc6 20. Kh2 Qb7 21. a4 Nc5 22. Qc2 b5 23. axb5 axb5 24. cxb5 Bxb5 25. b4 Na6 26. e5 d5 27. Nxb5 Qxb5 28. f5 Nxb4 29. Qd2 Ne7 30. f6 Ng6 31. h4 Nc6 32. Rb1 Bb4 33. Bc3 Bxc3 34. Qxc3 Qa6 35. Ra1 Qb7 36. Ng4 Rbc8 37. fxg7 Ncxe5 38. Nf6+ Kxg7 39. Nxe8+ Rxe8 40. h5 Rc8 41. Qd4 Rc4 42. Qa7 Ng4+ 43. Kh3 Nf2+ 44. Qxf2 Ne7 45. Rac1 Rb4 46. Rcd1 h6 47. Rd4 Rb2 48. Rg4+ Kf8 49. Qf6 Qc6 50. Qh8+ Ng8 51. Qxg8+ Ke7 52. Rg7 Rf2 53. Qb8 Kf6 54. Qh8 Ke7 55. Qxh6 Qc2 56. Qg5+ Kd6 57. Qd8+ Kc5 58. Qc7+ Kb4 59. Qxc2 Rxc2 60. Rxf7 d4 61. h6 Rc5 62. g4 Rc3+ 63. Kh4 e5 64. h7 Rc8 65. Rg7 d3 66. Rg8 d2 67. Rd1 Rc1 68. Rxd2 Rc7 69. h8=Q Kc3 70. Rf2 Re7 71. Qf6 Kd4 72. Qxe7 1-0


[Site "https://www.chess.com"]

[Event "Titled Tuesday Blitz May 30 Early 2023"]
[White "Samaganova, Aleksandra"]
[Black "Goffredo_Fofi"]
[WhiteFideId "13800221"]
[WhiteElo "1858"]
[BlackElo "2511"]
[Result "1-0"]
[Round "05"]
[TimeControl "180+2"]
[Date "2023.05.30"]
[WhiteClock "0:00:08"]
[BlackClock "0:00:03"]

1. c4 g6 2. Nc3 Bg7 3. g3 d6 4. Bg2 Nf6 5. e3 e5 6. Nge2 O-O 7. O-O c6 8. d4 Nbd7 9. Rb1 Re8 10. b4 exd4 11. exd4 Nf8 12. h3 Bf5 13. Rb3 Qc8 14. Kh2 Be6 15. d5 cxd5 16. cxd5 Bd7 17. Bf4 Qc7 18. Nd4 a6 19. Qd2 Rac8 20. Rc1 Qb6 21. a4 h5 22. a5 Qc7 23. Qd1 Qb8 24. Qd2 h4 25. Nf3 Nh5 26. Nxh4 Nxf4 27. Qxf4 Qc7 28. Na2 Qb8 29. Nf3 Rxc1 30. Nxc1 Bf5 31. Re3 Rxe3 32. Qxe3 Nd7 33. Ne2 Ne5 34. Ned4 Bd7 35. Nxe5 dxe5 36. Nb3 Bf8 37. Nc5 Bc8 38. Nd3 f6 39. Nc5 Qd6 40. Qc3 Kg7 41. Qc4 Bf5 42. h4 e4 43. Bxe4 Bxe4 44. Qxe4 Qe5 45. Qxe5 fxe5 46. Ne6+ Kf7 47. Nxf8 Kxf8 48. Kg2 Ke7 49. Kf3 Kd6 50. Ke4 1-0


[Site "https://www.chess.com"]

[Event "Titled Tuesday Blitz May 30 Early 2023"]
[White "Dilmukhametov, Artur"]
[Black "Garakov, Mikhael"]
[WhiteFideId "24179922"]
[BlackFideId "4169034"]
[WhiteElo "2242"]
[BlackElo "2347"]
[Result "1-0"]
[Round "05"]
[TimeControl "180+2"]
[Date "2023.05.30"]
[WhiteClock "0:00:09"]
[BlackClock "0:00:00"]

1. e4 c5 2. f4 d5 3. exd5 Nf6 4. Bb5+ Bd7 5. Bxd7+ Qxd7 6. c4 e6 7. Nf3 exd5 8. Ne5 Qd8 9. Qb3 Qb6 10. Nc3 d4 11. Qxb6 axb6 12. Nb5 Na6 13. O-O Nd7 14. Re1 Nxe5 15. fxe5 Kd7 16. d3 Be7 17. Bd2 Rac8 18. g3 Ke6 19. Kg2 h5 20. Rf1 h4 21. g4 h3+ 22. Kg3 Nb8 23. Kf3 Nc6 24. Bf4 Bh4 25. Ke4 g5 26. Bg3 Bxg3 27. Rf6+ Ke7 28. hxg3 Nb4 29. Rxb6 Rb8 30. Nxd4 h2 31. Nf5+ Kf8 32. Rh1 Nc2 33. Kd5 Rd8+ 34. Kxc5 Rh3 35. Rxb7 Kg8 36. d4 Rc8+ 37. Kb5 Rd8 38. d5 Re8 39. Re7 Rb8+ 40. Kc5 Rxb2 41. d6 Na3 42. d7 Rd2 43. Nd6 Kh7 44. Rxf7+ Kg6 45. d8=Q 1-0


[Site "https://www.chess.com"]

[Event "Titled Tuesday Blitz May 30 Early 2023"]
[White "rionelG"]
[Black "Perez Rodriguez, Jennifer"]
[BlackFideId "3507831"]
[WhiteElo "2127"]
[BlackElo "2116"]
[Result "1-0"]
[Round "05"]
[TimeControl "180+2"]
[Date "2023.05.30"]
[WhiteClock "0:00:20"]
[BlackClock "0:00:55"]

1. e4 e5 2. Nf3 Nc6 3. d4 exd4 4. Nxd4 Bb4+ 5. c3 Bc5 6. Nf5 Qf6 7. Be3 Bb6 8. Qd2 Bxe3 9. Nxe3 Nge7 10. c4 O-O 11. Nc3 d6 12. Be2 Be6 13. O-O Ng6 14. Ncd5 Bxd5 15. Nxd5 Qd8 16. f4 f6 17. g3 Re8 18. Bf3 Nf8 19. Rad1 Ne6 20. Rfe1 a5 21. b3 Nc5 22. Kg2 Qd7 23. h4 Ne7 24. h5 Nxd5 25. Qxd5+ Qf7 26. Qd2 Re7 27. e5 fxe5 28. Bd5 Ne6 29. fxe5 Kh8 30. exd6 cxd6 31. h6 Qf6 32. hxg7+ Kxg7 33. Rf1 Qg6 34. Rde1 Rae8 35. Qc3+ Kg8 36. Rf6 Qg7 37. Qf3 Kh8 38. Bxe6 Qg5 39. Rf8+ Kg7 40. Rf7+ Kh8 41. Qc3+ 1-0


[Site "https://www.chess.com"]

[Event "Titled Tuesday Blitz May 30 Early 2023"]
[White "Lonoff, Marc"]
[Black "Itgelt, Khuyagtsogt"]
[WhiteFideId "2001349"]
[BlackFideId "4902912"]
[WhiteElo "2141"]
[BlackElo "2227"]
[Result "0-1"]
[Round "05"]
[TimeControl "180+2"]
[Date "2023.05.30"]
[WhiteClock "0:00:00"]
[BlackClock "0:00:26"]

1. c4 c5 2. Nc3 g6 3. g3 Bg7 4. Bg2 d6 5. e4 Nc6 6. Nge2 Bg4 7. h3 Bxe2 8. Nxe2 Nf6 9. d3 O-O 10. O-O a6 11. f4 Rb8 12. Rb1 Nd7 13. a3 b5 14. cxb5 axb5 15. b4 Qb6 16. Be3 Qa6 17. Qb3 Rfc8 18. Rfd1 Bd4 19. Nxd4 Nxd4 20. Bxd4 cxd4 21. e5 dxe5 22. Qd5 Qd6 23. fxe5 Nxe5 24. Qxd6 exd6 25. Be4 Rc3 26. Rbc1 Rbc8 27. Rxc3 Rxc3 28. Ra1 Nxd3 29. a4 bxa4 30. Rxa4 Ne5 31. Ra6 Rxg3+ 32. Kf2 Rb3 33. Rxd6 Rxb4 34. Rd5 f6 35. Rd6 Kg7 36. Ke2 Rb3 37. Rxd4 Rxh3 38. Ra4 Kh6 39. Bg2 Rh5 40. Ra7 Kg5 41. Kf2 Rh4 42. Kg1 h5 43. Ra5 Rg4 44. Kf2 Rb4 45. Kg1 h4 46. Ra3 Kf4 47. Kh2 g5 48. Ra1 g4 49. Rf1+ Kg5 50. Re1 Rb2 51. Kg1 h3 52. Bh1 g3 0-1


[Site "https://www.chess.com"]

[Event "Titled Tuesday Blitz May 30 Early 2023"]
[White "Weishaeutel, Moritz"]
[Black "Dinu, Dumitru-Daniel"]
[WhiteFideId "12967300"]
[BlackFideId "1208403"]
[WhiteElo "2301"]
[BlackElo "2240"]
[Result "1-0"]
[Round "05"]
[TimeControl "180+2"]
[Date "2023.05.30"]
[WhiteClock "0:00:10"]
[BlackClock "0:00:00"]

1. e4 c5 2. d4 cxd4 3. c3 Nf6 4. e5 Nd5 5. Nf3 e6 6. cxd4 Nc6 7. Nc3 d6 8. Bd3 dxe5 9. dxe5 Nxc3 10. bxc3 Be7 11. O-O Qa5 12. Qe2 Bd7 13. Re1 O-O-O 14. Bg5 Bxg5 15. Nxg5 Be8 16. Rab1 b6 17. Bb5 h6 18. Nxf7 Bxf7 19. Bxc6 Kb8 20. Bf3 Bg6 21. Be4 Bxe4 22. Qxe4 Qxc3 23. Rec1 Qd4 24. Qc6 Qd7 25. Qe4 Qd5 26. Qe3 Qd4 27. Qg3 g5 28. h3 Rhf8 29. Rc2 Rf4 30. Rbc1 Rdf8 31. a4 a5 32. Rb1 Kb7 33. Rbb2 Qxe5 34. Re2 Qc5 35. Qb3 Qc1+ 36. Kh2 Qc7 37. g3 Rf3 38. Qxe6 1-0


[Site "https://www.chess.com"]

[Event "Titled Tuesday Blitz May 30 Early 2023"]
[White "Schnaider, Ilan"]
[Black "Zenin, Dmitry"]
[WhiteFideId "169013"]
[BlackFideId "4127897"]
[WhiteElo "2224"]
[BlackElo "2215"]
[Result "1-0"]
[Round "05"]
[TimeControl "180+2"]
[Date "2023.05.30"]
[WhiteClock "0:00:02"]
[BlackClock "0:00:00"]

1. e4 e5 2. Nf3 Nc6 3. Bc4 Bc5 4. c3 Nf6 5. d3 a6 6. a4 O-O 7. O-O Ba7 8. h3 d5 9. exd5 Nxd5 10. Re1 Be6 11. Bg5 f6 12. Bh4 Qd7 13. Bg3 Rad8 14. b4 Bb6 15. Qb3 Bf7 16. Nbd2 Nce7 17. Bh2 Nf5 18. Rad1 c6 19. b5 cxb5 20. axb5 a5 21. Ne4 Nc7 22. d4 exd4 23. cxd4 Nd5 24. Nc5 Qc8 25. Na4 Bc7 26. b6 Bxh2+ 27. Nxh2 Qc6 28. Nf3 Nd6 29. Bd3 Nb4 30. Qa3 Nxd3 31. Rxd3 Nc4 32. Qa1 Nxb6 33. Nc5 Nc4 34. Rc3 b6 35. Nd3 Bd5 36. Nf4 Bxf3 37. Rxf3 Nd2 38. Rg3 Rfe8 39. Rd1 Nc4 40. Nh5 g6 41. d5 Qd6 42. Nxf6+ Kf7 43. Rf3 Ne5 44. Nxe8+ Kxe8 45. Re3 1-0


[Site "https://www.chess.com"]

[Event "Titled Tuesday Blitz May 30 Early 2023"]
[White "Ryan, Joseph"]
[Black "Kubicka, Anna"]
[WhiteFideId "2500426"]
[BlackFideId "1152254"]
[WhiteElo "2425"]
[BlackElo "2144"]
[Result "1-0"]
[Round "05"]
[TimeControl "180+2"]
[Date "2023.05.30"]
[WhiteClock "0:02:00"]
[BlackClock "0:01:14"]

1. e4 c5 2. a3 g6 3. Nc3 Bg7 4. Bc4 e6 5. d3 Ne7 6. Ba2 O-O 7. h4 d5 8. h5 b6 9. hxg6 hxg6 10. Nf3 Bb7 11. Bg5 dxe4 12. Nxe4 Bxe4 13. dxe4 Qxd1+ 14. Rxd1 Nec6 15. c3 Ne5 16. Nxe5 Bxe5 17. f4 Bg7 18. e5 Nc6 19. Rd3 Rac8 20. Rdh3 Rfe8 21. Bf6 Kf8 22. Rh8+ Bxh8 23. Rxh8# 1-0


[Site "https://www.chess.com"]

[Event "Titled Tuesday Blitz May 30 Early 2023"]
[White "Tologon tegin, Semetei"]
[Black "Alexikov, Alexander"]
[WhiteFideId "13800574"]
[BlackFideId "14103958"]
[WhiteElo "2247"]
[BlackElo "2186"]
[Result "1-0"]
[Round "05"]
[TimeControl "180+2"]
[Date "2023.05.30"]
[WhiteClock "0:02:16"]
[BlackClock "0:01:15"]

1. e4 c5 2. Nf3 d6 3. d4 Nf6 4. Nc3 cxd4 5. Nxd4 a6 6. a3 e6 7. Bc4 b5 8. Ba2 Bb7 9. Qe2 Nbd7 10. f3 Rc8 11. Be3 Ne5 12. O-O Nc4 13. Bxc4 Rxc4 14. a4 e5 15. Nb3 Rxc3 16. bxc3 bxa4 17. Rxa4 Qc7 18. Na5 Ba8 19. Qc4 Qxc4 20. Nxc4 Bb7 21. Rb1 Bc8 22. Rb8 1-0


[Site "https://www.chess.com"]

[Event "Titled Tuesday Blitz May 30 Early 2023"]
[White "Hajiyev, Kanan"]
[Black "Staudenhocker43"]
[WhiteFideId "13404148"]
[WhiteElo "2103"]
[BlackElo "2525"]
[Result "0-1"]
[Round "05"]
[TimeControl "180+2"]
[Date "2023.05.30"]
[WhiteClock "0:00:00"]
[BlackClock "0:00:23"]

1. c4 Nf6 2. h3 g6 3. b3 Bg7 4. Bb2 O-O 5. g4 c6 6. Bg2 d5 7. g5 Ne4 8. Bxg7 Kxg7 9. Nf3 e5 10. h4 f6 11. d3 Nd6 12. Nc3 d4 13. Ne4 Nxe4 14. dxe4 Bg4 15. Qd2 Nd7 16. O-O-O c5 17. Nh2 Be6 18. h5 fxg5 19. hxg6 h6 20. Bf3 Rf4 21. Rdg1 Nf6 22. e3 Rh4 23. exd4 Qxd4 24. Qxd4 cxd4 25. Nf1 Rf4 26. Nd2 Kxg6 27. Rg3 h5 28. Rg2 Rh8 29. Kd1 g4 30. Ke1 Kf7 31. Be2 Nxe4 32. Nf1 Nf6 33. Ng3 h4 34. Nf1 Bf5 35. Nd2 e4 36. Nf1 b6 37. Bd1 h3 38. Rgh2 Ke6 39. Ng3 Ke5 40. Rg1 Be6 41. Ne2 Rf3 42. Kd2 Rc8 43. Ng3 Rd3+ 44. Kc2 b5 45. Be2 bxc4 46. Bxd3 cxd3+ 47. Kb2 Rc2+ 48. Kb1 Nd5 49. Rd1 Nc3+ 0-1


[Site "https://www.chess.com"]

[Event "Titled Tuesday Blitz May 30 Early 2023"]
[White "Mogirzan, Matei-Valeriu"]
[Black "Berezin, Viktor"]
[WhiteFideId "1257455"]
[BlackFideId "14107872"]
[WhiteElo "1733"]
[BlackElo "2310"]
[Result "1-0"]
[Round "05"]
[TimeControl "180+2"]
[Date "2023.05.30"]
[WhiteClock "0:00:08"]
[BlackClock "0:00:11"]

1. e4 g6 2. h4 h5 3. Nc3 Bg7 4. d4 d6 5. Bg5 c6 6. Qd2 Nd7 7. O-O-O b5 8. e5 Qa5 9. Kb1 b4 10. Ne4 dxe5 11. Nf3 f5 12. dxe5 fxe4 13. e6 Nc5 14. Nd4 Nxe6 15. Nxc6 Qb6 16. Qd5 Nf6 17. Bxf6 Bxf6 18. Qxe4 O-O 19. Qxg6+ Ng7 20. Bd3 Qxc6 21. Qh7+ Kf7 22. Bg6+ Ke6 23. Rhe1+ Be5 24. Qxg7 Qc5 25. Qxf8 Bb7 26. Qf7# 1-0


[Site "https://www.chess.com"]

[Event "Titled Tuesday Blitz May 30 Early 2023"]
[White "Baches Garcia, Guillermo"]
[Black "Topalov, Aleksandar"]
[WhiteFideId "2209764"]
[BlackFideId "925659"]
[WhiteElo "2523"]
[BlackElo "2151"]
[Result "0-1"]
[Round "05"]
[TimeControl "180+2"]
[Date "2023.05.30"]
[WhiteClock "0:00:00"]
[BlackClock "0:00:29"]

1. e4 e6 2. d4 d5 3. exd5 exd5 4. Nf3 Bd6 5. c4 Nf6 6. Nc3 O-O 7. cxd5 h6 8. Bc4 Re8+ 9. Be3 Ng4 10. O-O Rxe3 11. fxe3 Nxe3 12. Qd2 Nxc4 13. Qd3 Nb6 14. Ne5 f6 15. Ng6 N8d7 16. Rae1 Nf8 17. Re3 Bd7 18. Rfe1 Nxg6 19. Qxg6 Qf8 20. a4 a5 21. Ne4 Nxd5 22. Rf3 Qf7 23. Qxf7+ Kxf7 24. b3 Bb4 25. Rc1 Bg4 26. Rf2 Be6 27. h3 c6 28. g4 Rd8 29. Nc5 Bc8 30. Nd3 Bd6 31. Ne5+ Kg8 32. Ng6 Be6 33. Re1 Bf7 34. Nh4 Bg3 0-1


[Site "https://www.chess.com"]

[Event "Titled Tuesday Blitz May 30 Early 2023"]
[White "Goldin, Roman"]
[Black "Bruedigam, Martin"]
[WhiteFideId "2803860"]
[BlackFideId "24608033"]
[WhiteElo "2312"]
[BlackElo "2331"]
[Result "0-1"]
[Round "05"]
[TimeControl "180+2"]
[Date "2023.05.30"]
[WhiteClock "0:00:00"]
[BlackClock "0:00:27"]

1. Nf3 d5 2. e3 Nf6 3. b4 Bg4 4. c4 e6 5. a3 Nbd7 6. Bb2 c6 7. d3 Bd6 8. Be2 O-O 9. O-O Re8 10. Nbd2 a5 11. b5 cxb5 12. cxb5 a4 13. e4 Qb8 14. h3 Bh5 15. Re1 e5 16. exd5 Nxd5 17. Ng5 Bg6 18. Nc4 Be7 19. Ne4 f6 20. Bh5 Nf8 21. Bxg6 hxg6 22. d4 exd4 23. Qxd4 Nf4 24. Ned6 N4e6 25. Qd5 Bxd6 26. Nxd6 Re7 27. Rad1 Kh7 28. b6 Qd8 29. Qb5 Rd7 30. Nf7 Rxd1 31. Nxd8 Rxe1+ 32. Kh2 Rxd8 33. Qxa4 Re2 34. Qh4+ Kg8 35. Bc3 Rd6 36. Bb4 Rxb6 37. Bxf8 Nxf8 38. Qc4+ Ree6 0-1


[Site "https://www.chess.com"]

[Event "Titled Tuesday Blitz May 30 Early 2023"]
[White "Llanos, Guillermo"]
[Black "Horak, Martin"]
[WhiteFideId "100358"]
[BlackFideId "367095"]
[WhiteElo "2225"]
[BlackElo "2091"]
[Result "0-1"]
[Round "05"]
[TimeControl "180+2"]
[Date "2023.05.30"]
[WhiteClock "0:00:20"]
[BlackClock "0:00:36"]

1. c4 e5 2. d3 Nf6 3. Nf3 Nc6 4. e3 Bb4+ 5. Bd2 a5 6. Be2 O-O 7. O-O e4 8. dxe4 Nxe4 9. Bxb4 axb4 10. Nbd2 Nc5 11. Nd4 d6 12. Nxc6 bxc6 13. Bf3 Bd7 14. Nb3 Na4 15. Qd2 Qf6 16. Nd4 Ra6 17. b3 c5 18. Nb5 Nc3 19. Nxc7 Ra7 20. Nd5 Qe5 21. Rfc1 Nxd5 22. Bxd5 Be6 23. Rd1 Rd8 24. Rac1 Bxd5 25. cxd5 Rda8 26. Rc2 g6 27. f3 h5 28. e4 Kg7 29. Qe2 f5 30. exf5 Qxe2 31. Rxe2 Rxa2 32. Re7+ Kf6 33. fxg6 Kxe7 0-1


[Site "https://www.chess.com"]

[Event "Titled Tuesday Blitz May 30 Early 2023"]
[White "Ginzburg, Yakov"]
[Black "KVAIDAN"]
[WhiteFideId "4157176"]
[WhiteElo "2305"]
[BlackElo "2323"]
[Result "1-0"]
[Round "05"]
[TimeControl "180+2"]
[Date "2023.05.30"]
[WhiteClock "0:01:12"]
[BlackClock "0:02:13"]

1. e4 e5 2. Nf3 d5 3. d4 dxe4 4. Nxe5 Bd6 5. Bf4 c5 6. dxc5 Qa5+ 7. Nc3 Qxc5 8. Bb5+ Ke7 9. Nxe4 Qb4+ 10. Nc3 Qxf4 11. Nd5+ Ke6 12. Nxf4+ Kxe5 13. Qd5+ Kxf4 14. g3+ Kg4 15. h3# 1-0


[Site "https://www.chess.com"]

[Event "Titled Tuesday Blitz May 30 Early 2023"]
[White "surrenderPLS"]
[Black "rikchessmx"]
[WhiteElo "2511"]
[BlackElo "2306"]
[Result "1/2-1/2"]
[Round "05"]
[TimeControl "180+2"]
[Date "2023.05.30"]
[WhiteClock "0:00:48"]
[BlackClock "0:02:17"]

1. e4 e5 2. Nf3 Nc6 3. Nc3 d6 4. d4 exd4 5. Nxd4 Nf6 6. Be2 Be7 7. O-O O-O 8. Be3 Re8 9. Re1 Bf8 10. f3 d5 11. exd5 Nxd5 12. Nxd5 Qxd5 13. Bf2 Nxd4 14. Qxd4 Qxd4 15. Bxd4 Be6 16. Bd3 1/2-1/2


[Site "https://www.chess.com"]

[Event "Titled Tuesday Blitz May 30 Early 2023"]
[White "LangesNasenhaar"]
[Black "Rosenberg, Evan S"]
[BlackFideId "2019299"]
[WhiteElo "2501"]
[BlackElo "2299"]
[Result "1/2-1/2"]
[Round "05"]
[TimeControl "180+2"]
[Date "2023.05.30"]
[WhiteClock "0:00:13"]
[BlackClock "0:01:17"]

1. d4 d5 2. Nc3 Nf6 3. Bf4 a6 4. e3 e6 5. Nf3 Bb4 6. Bd3 O-O 7. O-O h6 8. Ne5 Nbd7 9. a3 Bxc3 10. bxc3 Nxe5 11. Bxe5 c5 12. dxc5 Nd7 13. Bd6 Re8 14. c4 dxc4 15. Bxc4 Qa5 16. Qe1 Qxe1 17. Rfxe1 Nf6 18. e4 Bd7 19. f3 Bc6 20. a4 Rac8 21. a5 Red8 22. Rad1 Ne8 23. Be7 Rxd1 24. Rxd1 Nc7 25. Kf2 f6 26. Rd8+ Rxd8 27. Bxd8 Nb5 28. Bxe6+ Kf8 29. Ke3 Ke8 30. Bb6 Ke7 31. Bd5 Kd7 32. c4 Nc3 33. Kf4 g6 34. h4 Ne2+ 35. Ke3 Nc3 36. f4 Nd1+ 37. Kf3 Nc3 38. h5 g5 39. fxg5 fxg5 40. Kg4 Nxe4 41. Kf5 Nc3 42. Kg6 Nxd5 43. cxd5 Bxd5 44. Kxh6 Bxg2 45. Kxg5 Ke7 46. Kg6 Kf8 47. Bc7 Kg8 48. h6 Be4+ 49. Kf6 Kh7 50. Bf4 Bc6 51. Ke7 Bh1 52. Kd6 Bc6 53. Kc7 Bh1 54. Kb6 Bc6 55. Be5 Bh1 1/2-1/2


[Site "https://www.chess.com"]

[Event "Titled Tuesday Blitz May 30 Early 2023"]
[White "Rodriguez Santiago, Jaime"]
[Black "Ljukin, Sergei"]
[WhiteFideId "3100898"]
[BlackFideId "14102200"]
[WhiteElo "2025"]
[BlackElo "2312"]
[Result "1-0"]
[Round "05"]
[TimeControl "180+2"]
[Date "2023.05.30"]
[WhiteClock "0:00:19"]
[BlackClock "0:00:00"]

1. d4 d5 2. c4 c6 3. cxd5 cxd5 4. Bf4 Nf6 5. e3 Nc6 6. Nc3 Bf5 7. Qb3 Na5 8. Qa4+ Bd7 9. Qc2 e6 10. Bd3 Nc6 11. a3 Nh5 12. Bg3 f5 13. Nf3 a6 14. Qe2 g6 15. Rc1 Nxg3 16. hxg3 Bd6 17. b4 O-O 18. Qb2 Qf6 19. Kd2 Qe7 20. Rh6 a5 21. Rch1 axb4 22. axb4 Rf7 23. b5 Na5 24. Ke2 Qe8 25. Ng5 Bf8 26. Rxh7 Rxh7 27. Rxh7 Bg7 28. Qb1 Nc4 29. Qh1 Ra3 30. Rxg7+ 1-0


[Site "https://www.chess.com"]

[Event "Titled Tuesday Blitz May 30 Early 2023"]
[White "Heinemann, Josefine"]
[Black "Blokhin, Sofia"]
[WhiteFideId "12900460"]
[BlackFideId "4508190"]
[WhiteElo "2342"]
[BlackElo "1994"]
[Result "1-0"]
[Round "05"]
[TimeControl "180+2"]
[Date "2023.05.30"]
[WhiteClock "0:00:40"]
[BlackClock "0:00:00"]

1. e4 c5 2. Nc3 e6 3. g3 g6 4. Bg2 Bg7 5. d3 Nc6 6. Be3 Nd4 7. Qd2 Ne7 8. h4 h6 9. Nh3 d5 10. exd5 exd5 11. Nf4 Be6 12. Nxe6 fxe6 13. O-O Nef5 14. Ne2 Nxe3 15. fxe3 Nf5 16. c3 Qd6 17. Kh2 Nxh4 18. Nf4 g5 19. Nh5 Be5 20. d4 Bxg3+ 21. Nxg3 Nf5 22. Rxf5 exf5 23. Qf2 f4 24. exf4 gxf4 25. Nf5 Qc7 26. Re1+ Kd8 27. Qh4+ Kc8 28. Re7 Qd8 29. Qf6 Rf8 30. Qe6+ Kb8 31. Nd6 Qxe7 32. Qxe7 1-0


[Site "https://www.chess.com"]

[Event "Titled Tuesday Blitz May 30 Early 2023"]
[White "Balla, Tamas-Kristof"]
[Black "agvania123"]
[WhiteFideId "1208497"]
[WhiteElo "2334"]
[BlackElo "2260"]
[Result "1-0"]
[Round "05"]
[TimeControl "180+2"]
[Date "2023.05.30"]
[WhiteClock "0:00:05"]
[BlackClock "0:00:00"]

1. e4 d5 2. exd5 Qxd5 3. Nc3 Qd8 4. d4 Nf6 5. Bc4 a6 6. Nf3 b5 7. Bb3 c5 8. a4 b4 9. Ne2 e6 10. O-O Bb7 11. Ng3 Nc6 12. dxc5 Bxc5 13. Bg5 O-O 14. Qe2 Be7 15. Rad1 Qb6 16. Rfe1 Rad8 17. h4 a5 18. Be3 Bc5 19. Bg5 Be7 20. h5 Nd5 21. Bxe7 Ncxe7 22. h6 Ng6 23. hxg7 Kxg7 24. Nh5+ Kg8 25. Rd4 Ba6 26. Qe4 Bb7 27. Qg4 f5 28. Qg5 Qc7 29. Rxe6 Qf7 30. Re1 Rfe8 31. Rxe8+ Rxe8 32. Nf6+ Kg7 33. Nxd5 Bxd5 34. Bxd5 Qd7 35. Bb3 Qc7 36. Qg3 f4 37. Qg5 Qd7 38. Rxd7+ 1-0


[Site "https://www.chess.com"]